 Dungeon Crawl Stone Soup version 0.30-a0-168-g0b976cbdc4 (webtiles) character file.

Game seed: 11835059003434849251

91 qw the Chopper (level 4, 0/28 HPs)
             Began as a Gargoyle Fighter on Sept 29, 2022.
             Blown up by Ijyb (13 damage)
             ... with a mindburst bolt
             ... on level 3 of the Dungeon.
             The game lasted 00:00:43 (2039 turns).

qw the Chopper (Gargoyle Fighter)                   Turns: 2039, Time: 00:00:44

Health: 0/28       AC: 11    Str: 22    XL:     4   Next: 57%
Magic:  4/4        EV:  9    Int:  8    God:
Gold:   105        SH:  4    Dex:  9    Spells: 3/3 levels left

rFire   . . .      SeeInvis .    Y - +0 war axe
rCold   . . .      Faith    .    c - +0 buckler
rNeg    + . .      Spirit   .    b - +0 scale mail
rPois   inf        Reflect  .    (no helmet)
rElec   +          Harm     .    j - scarf {repulsion}
rCorr   .          Rampage  .    a - +0 pair of gloves
Will    .....                    (no boots)
Stlth   ..........               (no amulet)
HPRegen 0.09/turn                (no ring)
MPRegen 0.09/turn                (no ring)

@: repel missiles
A: sickness immunity, AC +3, negative energy resistance 1, electricity
resistance, torment resistance 1, petrification resistance
a: no special abilities


You were on level 3 of the Dungeon.
You visited 1 branch of the dungeon, and saw 3 of its levels.

You collected 141 gold pieces.
You spent 36 gold pieces at shops.


Innate Abilities, Weirdness & Mutations

You are immune to sickness and miasma.
Your stone body is resilient. (AC +3)
You are immune to poison.
You resist negative energy. (rN+)
You are resistant to electric shocks. (rElec)
You are resistant to unholy torment.
You are immune to petrification.


   Skills:
 - Level 3.2 Fighting
 + Level 4.2 Axes
 - Level 3.2 Armour
 - Level 3.2 Shields


You had 3 spell levels left.
You didn't know any spells.
Your spell library was empty.

Inventory:

Hand Weapons
 o - a +0 flail
 Y - a +0 war axe (weapon)
Armour
 a - a +0 pair of gloves (worn)
 b - a +0 scale mail (worn)
 c - a +0 buckler (worn)
 j - a scarf of repulsion (worn)
 n - a +0 chain mail
Scrolls
 e - 2 scrolls of identify
 k - 2 scrolls of teleportation
 m - a scroll of immolation {unknown}
Potions
 d - a potion of might
 f - a potion of haste
 g - a potion of brilliance {unknown}
 h - a potion of resistance {unknown}
 l - a potion of lignification

Dungeon Overview and Level Annotations

Branches:
Dungeon (3/15)

Altars:
Dithmenos
Ru

Shops:
D:2 *

Annotations:
D:3 Ijyb


Message History

You closely miss the giant cockroach. You block the giant cockroach's attack.
You slash the giant cockroach!
You kill the giant cockroach!
There is a shadowy altar of Dithmenos here.
Found a sacrificial altar of Ru.
Found 7 stones.
You now have 105 gold pieces (gained 11).
Ijyb the Twisted Goblin comes into view.
She is wielding a +0 dagger and carrying a wand of mindburst (14).
Ijyb shouts!
Enter note:
Enter note:
2027 ||| Stepping ~*~*~tactically~*~*~ (hiding).
You start waiting.
Ijyb is nearby!
Ijyb screams, "I cut your head off!"
A bat comes into view.
Ijyb hits you but does no damage.
You hit Ijyb but do no damage. You block Ijyb's attack.
The bat hits you but does no damage.
You barely miss Ijyb. You hit the bat.
You kill the bat!
Ijyb hits you but does no damage. Ijyb barely misses you.
You hit Ijyb but do no damage. Ijyb hits you but does no damage.
You closely miss Ijyb. Ijyb barely misses you.
You hit Ijyb but do no damage. Ijyb hits you but does no damage.
Ijyb hits you with a +0 dagger.
You completely miss Ijyb.
Ijyb zaps a wand.
Your mind is blasted!
You hit Ijyb but do no damage. Ijyb hits you but does no damage.
You hit Ijyb.
Ijyb is lightly wounded.
Ijyb hits you but does no damage. Ijyb closely misses you.
You closely miss Ijyb.
Ijyb is lightly wounded.
Ijyb zaps a wand.
Your mind is blasted!
You die...

#.# #.## #...
#######################._.
..........................
........###############.##
#######..# #..#
##.######## #..#. ##
#.@....... #.... <##
#..g...... #.(. ..#
#......... #.... 8.#
.#........ #.... ..#
.#..####### .## .#.#.. #
)####### .#.#.##.##
..##.[.###.#.#.###..#####
8.'..8.<#.#.#.#.........#


You could see Ijyb.

Vanquished Creatures
  4 adders
  2 worms (D:2)
  An orc (D:3)
  6 ball pythons
  4 endoplasms
  3 giant cockroaches
  3 hobgoblins
  3 jackals (D:2)
  3 quokkas
  6 bats
  3 frilled lizards
  4 goblins
  2 kobolds
  4 rats
48 creatures vanquished.

Notes
Turn   | Place    | Note
-------+----------+-------------------------------------------
     0 | D:1      | qw the Gargoyle Fighter began the quest for the Orb.
     0 | D:1      | Reached XP level 1. HP: 14/14 MP: 1/1
     0 | D:1      | 0 ||| qw: Version: 0.2-a-12-gaebbb33
     0 | D:1      | 0 ||| qw: Game counter: 1234
     0 | D:1      | 0 ||| qw: Always use a shield: true
     0 | D:1      | 0 ||| qw: God list: Okawaru
     0 | D:1      | 0 ||| qw: Allow faded altars: false
     0 | D:1      | 0 ||| qw: Do Orc after D:15 true
     0 | D:1      | 0 ||| qw: Do second Lair branch before Depths: true
     0 | D:1      | 0 ||| qw: Lair rune preference: random
     0 | D:1      | 0 ||| qw: Plans: Normal, Zot:1-4, God:TSO, Crypt, Tomb,
                  | Pan, Slime:5, Hells, Abyss, Orb
     0 | D:1      | 0 ||| PLANNING D:1-11
    72 | D:1      | Reached skill level 2 in Axes
   133 | D:1      | Reached XP level 2. HP: 18/19 MP: 2/2
   742 | D:1      | Found a faded altar of an unknown god.
  1000 | D:1      | 1000 ||| READING scroll labelled GUTYUCZUXAX.
  1001 | D:1      | 1001 ||| READING scroll labelled YKAROI BUYMAR.
  1002 | D:1      | 1002 ||| READING scroll labelled FUGHIO XETZ.
  1171 | D:2      | Reached skill level 3 in Axes
  1184 | D:2      | Identified the +8 sling "Dasi" {freeze, Str+4 Int+5}
  1288 | D:2      | Reached XP level 3. HP: 23/23 MP: 3/3
  1296 | D:2      | 1296 ||| Stepping ~*~*~tactically~*~*~ (stealth).
  1411 | D:2      | Found Ahen's General Store.
  1416 | D:2      | 1416 ||| BUYING potion of lignification (36 gold).
  1416 | D:2      | Bought a potion of lignification for 36 gold pieces
  1416 | D:2      | 1416 ||| SHOPLISTING ring of see invisible (180 gold, have
                  | 59).
  1427 | D:2      | Reached XP level 4. HP: 28/28 MP: 4/4
  1464 | D:2      | 1464 ||| Stepping ~*~*~tactically~*~*~ (stealth).
  1647 | D:2      | 1647 ||| UPGRADING to +0 pair of gloves.
  1652 | D:2      | 1652 ||| UPGRADING to scarf of repulsion.
  1657 | D:2      | 1657 ||| READING 2 scrolls labelled QEARI UWNUY.
  1661 | D:2      | 1661 ||| READING 2 scrolls of identify.
  1661 | D:2      | 1661 ||| IDENTIFYING fizzy sapphire potion
  1751 | D:3      | 1751 ||| Stepping ~*~*~tactically~*~*~ (stealth).
  1752 | D:3      | 1752 ||| Stepping ~*~*~tactically~*~*~ (stealth).
  1782 | D:3      | Reached skill level 4 in Axes
  1794 | D:3      | 1794 ||| Stepping ~*~*~tactically~*~*~ (stealth).
  1829 | D:3      | 1829 ||| DROPPING +0 club.
  1958 | D:3      | 1958 ||| Stepping ~*~*~tactically~*~*~ (stealth).
  1981 | D:3      | Found a shadowy altar of Dithmenos.
  1996 | D:3      | Found a sacrificial altar of Ru.
  2026 | D:3      | Noticed Ijyb
  2027 | D:3      | 2027 ||| Stepping ~*~*~tactically~*~*~ (hiding).
  2039 | D:3      | Blown up by Ijyb

Levels and vault maps discovered:
D:1:      giann_bridges, layout_basic, hellmonk_ecumenical_altar_crossroads
D:2:      layout_rooms, serial_shops, shop_fountains
D:3:      layout_basic, mainiacjoe_overflow_large_starburst,
          minmay_tree_intersection, grunt_ministairs_5, uniq_ijyb

Skill      XL: |  1  2  3  4 |
---------------+-------------+-----
Axes           | 2 3 4 |  4.2
Fighting       | |  3.2
Armour         | |  3.2
Shields        | |  3.2

Action                   |  1- 3 |  4- 6 || total
-------------------------+-------+-------++-------
Melee: War axe           |    69 |    55 ||   124
Throw: Boomerang         |    11 |       ||    11
  Use: Scroll            |     3 |     2 ||     5
Armor: Scale mail        |    31 |    27 ||    58
Dodge: Dodged            |    27 |    19 ||    46
Block: Buckler           |    13 |     6 ||    19

Table legend:
 A = Non-vault XP
 B = Vault XP
 C = Vault XP percentage of total XP
 D = Non-vault monster count
 E = Vault monster count
 F = Vault count percentage of total count
                 A         B        C        D         E       F
            +---------+---------+-------+---------+---------+-------
      Total |     128 |       2 |   1.5 |      47 |       1 |   2.1
            +---------+---------+-------+---------+---------+-------
        D:1 |      24 |       0 |   0.0 |      17 |       0 |   0.0
        D:2 |      64 |       0 |   0.0 |      13 |       0 |   0.0
        D:3 |      40 |       2 |   4.8 |      17 |       1 |   5.6
            +---------+---------+-------+---------+---------+-------
